 Dungeon Crawl Stone Soup version 0.25.1-2-g60ff931df9 (webtiles) character file.

Game seed: 17898127034403414988

42 Acheron the Magician (level 3, -4/16 HPs)
             Began as a Vine Stalker Wizard on Aug 26, 2020.
             Slain by a gnoll
             ... wielding a +0 spear
              (9 damage)
             ... on level 2 of the Dungeon.
             The game lasted 00:10:32 (2131 turns).

Acheron the Magician (Vine Stalker Wizard)          Turns: 2131, Time: 00:10:33

Health: -4/16      AC:  2    Str: 10    XL:     3   Next: 54%
Magic:  0/9        EV: 12    Int: 18    God:
Gold:   103        SH:  0    Dex: 12    Spells: 5/10 levels left

rFire    . . .     SeeInvis .   f - +2 short sword (protect)
rCold    . . .     Gourm    .   (no shield)
rNeg     . . .     Faith    .   a - +0 robe
rPois    .         Spirit   +   b - +0 hat
rElec    .         Reflect  .   (no cloak)
rCorr    .         Harm     .   (no gloves)
MR       .....                  (no boots)
Stlth    ++........             (no amulet)
HPRegen  0.05/turn              (no ring)
MPRegen  0.11/turn              (no ring)

@: no status effects
A: fangs 2, magic shield, antimagic bite, no potion heal 3, rot immunity
a: no special abilities


You were on level 2 of the Dungeon.
You were not hungry.

You visited 1 branch of the dungeon, and saw 3 of its levels.

You collected 103 gold pieces.

Inventory:

Hand Weapons
 f - a +2 short sword of protection (weapon)
 g - a +0 hand axe
Missiles
 l - 50 sling bullets
 o - 95 stones (quivered)
Armour
 a - a +0 robe (worn)
 b - a +0 hat (worn)
 e - a +0 scale mail
Jewellery
 h - a +4 ring of protection {unknown}
 r - a cursed ring of attention {unknown}
Potions
 i - a potion of curing {unknown}
 j - 2 potions of brilliance
 k - a potion of lignification {unknown}
 p - a potion of ambrosia
Comestibles
 c - 2 chunks of flesh
 d - 3 rations


   Skills:
 + Level 0.3 Short Blades
 + Level 1.8 Dodging
 + Level 2.8 Stealth
 + Level 4.2 Spellcasting
 + Level 1.1 Conjurations
 + Level 1.0 Summonings
 + Level 1.0 Translocations


You had 5 spell levels left.
You knew the following spells:

 Your Spells              Type           Power        Failure   Level  Hunger
a - Magic Dart            Conj           #...         9%          1    None
b - Blink                 Tloc           N/A          14%         2    ##.....
c - Call Imp              Summ           #.......     14%         2    ##.....

Your spell library contained the following spells:

 Spells                   Type           Power        Failure   Level  Hunger
 Slow                     Hex            #.......     22%         2    ##.....
 Conjure Flame            Conj/Fire      #.......     34%         3    ###....
 Mephitic Cloud           Conj/Pois/Air  #.......     36%         3    ###....


Dungeon Overview and Level Annotations

Branches:
Dungeon (3/15)

Altars:

Annotations:
D:2 exclusion: 2 downstairs


Innate Abilities, Weirdness & Mutations

You have extremely sharp teeth.
When hurt, damage is shared between your health and your magic reserves.
Your bite disrupts and absorbs the magic of your enemies.
Potions cannot restore your health.
You are immune to rotting.


Message History

The gnoll hits you from afar with a +0 spear.
The bat misses you. The gnoll closely misses you.
You climb upwards.
Level annotation: exclusion: 2 downstairs
There is a stone staircase leading down here.
Unknown command.
The gnoll hits you from afar with a +0 spear!
* * * LOW HITPOINT WARNING * * *
There is an open door here.
Casting: Magic Dart (safe; 9% risk of failure)
Confirm with . or Enter, or press ? or * to list all spells.
A shadowy apparition takes form in the air.
Your shadow imp says, "I give in to your servitude, my magnificent and rosy-lipped ruler!"
Your shadow imp hits the gnoll.
Casting: Call Imp (safe; 14% risk of failure)
Confirm with . or Enter, or press ? or * to list all spells.
A metallic apparition takes form in the air.
The gnoll hits you from afar with a +0 spear!
Ouch! That really hurt!
You die...

##### #####################...#
######.......................####
#...................###.###......
#.####..............##...##.#####
#.# #........5.....#.....#.#....
#.# #......................##...
#.####.......5g.@...#.....#.#####
#........#'##.#####.##...##.).รท..
.......###....# #.#######..###.
.......'.#.########.........## #.
.......#.#...............#######.
.......#g#>......................
.......#.........................
.......#############.###.#.#...#.
######## #.# #......###


You could see a gnoll, a friendly iron imp (summoned) and a friendly shadow imp
(summoned).

Vanquished Creatures
  A gnoll (D:1)
  An adder zombie (D:2)
  2 dart slugs (D:1)
  A leopard gecko (D:2)
  An orc (D:2)
  A giant cockroach (D:2)
  6 goblins
  A hobgoblin (D:1)
  2 kobolds
  3 bats (D:2)
  4 frilled lizards
  3 rats
26 creatures vanquished.

Vanquished Creatures (collateral kills)
  An orc (D:2)
1 creature vanquished.

Grand Total: 27 creatures vanquished

Notes
Turn   | Place    | Note
-------+----------+-------------------------------------------
     0 | D:1      | Acheron the Vine Stalker Wizard began the quest for the
                  | Orb.
     0 | D:1      | Reached XP level 1. HP: 9/9 MP: 5/5
   171 | D:1      | Reached XP level 2. HP: 13/13 MP: 1/7
   452 | D:1      | Learned a level 2 spell: Blink
   455 | D:1      | Learned a level 2 spell: Call Imp
   613 | D:1      | Reached skill level 4 in Spellcasting
  1198 | D:2      | Reached XP level 3. HP: 16/16 MP: 9/9
  2131 | D:2      | Slain by a gnoll

Illustrated notes

Levels and vault maps discovered:
D:1:      dpeg_arrival_more_subterranean_lakeside_camping, layout_rooms,
          minmay_small_reverse_x
D:2:      layout_basic, first_ration, minmay_misc_feat_enclosed,
          chequers_serial_rivers_micro_a, wad_orctagon
D:3:      layout_rooms, nicolae_gozag_cash_rules_everything_around_me,
          uniq_robin

Skill      XL: |  1  2 |
---------------+-------+-----
Spellcasting   | 4 |  4.2
Short Blades   | |  0.3
Dodging        | |  1.8
Stealth        | |  2.8
Conjurations   | |  1.1
Summonings     | |  1.0
Translocations | |  1.0

Action                   || total
-------------------------++-------
Melee: Bite              ||    11
       Unarmed           ||     1
       Short sword       ||    43
       Dagger            ||     3
 Cast: Magic Dart        ||    29
       Call Imp          ||    11
  Use: Scroll            ||     6
 Stab: Distracted        ||     2
  Eat: Chunk             ||     4
Armor: Robe              ||    14
Dodge: Dodged            ||    30
